NWL (28 & UNDER)
BALZAC RAMS @ SAN DIEGO SMASHERS
07/07/2028
 
TOP OF THE 1ST
Balzac Rams batting - Pitching for San Diego Smashers : RHP Guillermo Martínez
Pitching: RHP Guillermo Martínez
Batting: RHB Tomás Díaz 0-0: Called Strike
0-1: Ball
1-1: Ground out U3 (Groundball, 3)
Batting: LHB Troy Jackson 0-0: Called Strike
0-1: Foul Ball, location: 2F
0-2: Ball
1-2: Ball
2-2: Ground out 5-3 (Groundball, 56S)
Batting: RHB Tommy Wilson 0-0: Ball
1-0: Ball
2-0: Called Strike
2-1: Called Strike
2-2: Foul Ball, location: 2F
2-2: Ground out 1-3 (Groundball, P)
Top of the 1st over - 0 run(s), 0 hit(s), 0 error(s), 0 left on base; Balzac 0 - San Diego 0
BOTTOM OF THE 1ST
San Diego Smashers batting - Pitching for Balzac Rams : RHP José Cota
Pitching: RHP José Cota
Batting: LHB Michael Myers 0-0: Ball
1-0: Foul Ball, location: 2F
1-1: Foul Ball, location: 2F
1-2: Ball
2-2: DOUBLE (Flyball, 7LM)
Batting: RHB Gerald Davis 0-0: Foul Ball, location: 2F
0-1: Fly out, F7 (Flyball, 78S)
Batting: RHB Jake Reeves 0-0: Called Strike
0-1: Ball
1-1: 2-RUN HOME RUN (Flyball, 78XD), Distance : 402 ft
Batting: LHB Arthur MacDonald 0-0: Called Strike
0-1: Ball
1-1: Ball
2-1: Swinging Strike
2-2: Ball
3-2: Ground out U3 (Groundball, 3L)
Batting: RHB Javier González 0-0: Called Strike
0-1: Foul Ball, location: 2F
0-2: Ball
1-2: SINGLE (Groundball, 6MD)
Batting: LHB Richard Brooks 0-0: Ball
1-0: Foul Ball, location: 2F
1-1: Foul Ball, location: 2F
Pickoff Throw to First - Out!
Bottom of the 1st over - 2 run(s), 3 hit(s), 0 error(s), 0 left on base; Balzac 0 - San Diego 2
TOP OF THE 2ND
Balzac Rams batting - Pitching for San Diego Smashers : RHP Guillermo Martínez
Batting: LHB Carlos Romero 0-0: Called Strike
0-1: Ball
1-1: Ball
2-1: Called Strike
2-2: Foul Ball, location: 2F
2-2: Fly out, F7 (Line Drive, 78D)
Batting: RHB Lorenzo Silva 0-0: Ball
1-0: Ball
2-0: Ball
3-0: Base on Balls
Batting: RHB Josh Baker 0-0: Called Strike
0-1: Ball
1-1: Ball
2-1: Fly out, F6 (Line Drive, 6)
Batting: RHB Santiago Rivera 0-0: Called Strike
0-1: Foul Ball, location: 2F
0-2: Fly out, F8 (Line Drive, 78XD)
Top of the 2nd over - 0 run(s), 0 hit(s), 0 error(s), 1 left on base; Balzac 0 - San Diego 2
BOTTOM OF THE 2ND
San Diego Smashers batting - Pitching for Balzac Rams : RHP José Cota
Batting: LHB Richard Brooks 0-0: Called Strike
0-1: Ball
1-1: Swinging Strike
1-2: Fly out, F9 (Flyball, 9)
Batting: RHB Ray Rogers 0-0: Called Strike
0-1: Ball
1-1: Fly out, F8 (Flyball, 8LD)
Batting: RHB Gustavo Torres 0-0: Called Strike
0-1: Ball
1-1: Foul Ball, location: 2F
1-2: Ball
2-2: Foul Ball, location: 2F
2-2: Ball
3-2: Foul Ball, location: 2F
3-2: SINGLE (Groundball, 56D)
Batting: RHB Dave King 0-0: Foul Ball, location: 2F
0-1: Called Strike
0-2: Ball
1-2: Ball
Gustavo Torres steals 2nd base
2-2: Foul Ball, location: 2F
2-2: Foul Ball, location: 2F
2-2: Reached on error, E4 (Groundball, 4MS)
Gustavo Torres to third
Batting: LHB Michael Myers 0-0: Ball
1-0: Ground out 3-1 (Groundball, 34S)
Bottom of the 2nd over - 0 run(s), 1 hit(s), 1 error(s), 2 left on base; Balzac 0 - San Diego 2
TOP OF THE 3RD
Balzac Rams batting - Pitching for San Diego Smashers : RHP Guillermo Martínez
Batting: LHB Rodney Harrison 0-0: Ball
1-0: Ball
2-0: Ball
3-0: Base on Balls
Batting: RHB Gerald Arnold 0-0: Grounds into double play, 6-4-3 (Groundball, 6)
Batting: RHB Tomás Díaz 0-0: Called Strike
0-1: Ball
1-1: Ball
2-1: Foul Ball, location: 2F
2-2: Foul Ball, location: 2F
2-2: Ball
3-2: Ground out 6-3 (Groundball, 6)
Top of the 3rd over - 0 run(s), 0 hit(s), 0 error(s), 0 left on base; Balzac 0 - San Diego 2
BOTTOM OF THE 3RD
San Diego Smashers batting - Pitching for Balzac Rams : RHP José Cota
Batting: RHB Gerald Davis 0-0: Ball
1-0: Foul Ball, location: 2F
1-1: Ball
2-1: DOUBLE (Line Drive, 78M)
Batting: RHB Jake Reeves 0-0: Called Strike
0-1: Ball
1-1: Ball
2-1: SINGLE (Flyball, 89S)
Gerald Davis to third
Batting: LHB Arthur MacDonald 0-0: Called Strike
0-1: Foul Ball, location: 2F
0-2: Ball
1-2: Fielders Choice at 2nd, 4-6 (Groundball, 4)
Gerald Davis scores
Batting: RHB Javier González 0-0: Fly out, F8 (Line Drive, 8LD)
Batting: LHB Richard Brooks 0-0: Ball
Arthur MacDonald is caught stealing 2nd base
Bottom of the 3rd over - 1 run(s), 2 hit(s), 0 error(s), 0 left on base; Balzac 0 - San Diego 3
TOP OF THE 4TH
Balzac Rams batting - Pitching for San Diego Smashers : RHP Guillermo Martínez
Batting: LHB Troy Jackson 0-0: Called Strike
0-1: Ball
1-1: Fly out, F2 (Popup, 23)
Batting: RHB Tommy Wilson 0-0: Called Strike
0-1: SINGLE (Groundball, P) (infield hit)
Batting: LHB Carlos Romero 0-0: Grounds out, U3 (Groundball, 3L)
Batting: RHB Lorenzo Silva 0-0: Ball
1-0: Ball
2-0: Foul Ball, location: 2F
2-1: Swinging Strike
2-2: Strikes out swinging, 2-3 out at first.
Top of the 4th over - 0 run(s), 1 hit(s), 0 error(s), 1 left on base; Balzac 0 - San Diego 3
BOTTOM OF THE 4TH
San Diego Smashers batting - Pitching for Balzac Rams : RHP José Cota
Batting: LHB Richard Brooks 0-0: Ball
1-0: Ground out 4-3 (Groundball, 4)
Batting: RHB Ray Rogers 0-0: Called Strike
0-1: Ball
1-1: Ball
2-1: Foul Ball, location: 2F
2-2: Strikes out swinging
Batting: RHB Gustavo Torres 0-0: Ball
1-0: Swinging Strike
1-1: Ball
2-1: Ball
3-1: Base on Balls
Batting: RHB Dave King 0-0: Ball
1-0: Foul Ball, location: 2F
1-1: Ball
2-1: Swinging Strike
2-2: 2-RUN HOME RUN (Flyball, 78XD), Distance : 403 ft
Batting: LHB Michael Myers 0-0: Ball
1-0: Foul Ball, location: 2F
1-1: Foul Ball, location: 2F
1-2: Foul Ball, location: 2F
1-2: Ball
2-2: Foul Ball, location: 2F
2-2: Ball
3-2: Foul Ball, location: 2F
3-2: Foul Ball, location: 2F
3-2: Fly out, F7 (Flyball, 7D)
Bottom of the 4th over - 2 run(s), 1 hit(s), 0 error(s), 0 left on base; Balzac 0 - San Diego 5
TOP OF THE 5TH
Balzac Rams batting - Pitching for San Diego Smashers : RHP Guillermo Martínez
Batting: RHB Josh Baker 0-0: Ball
1-0: Ball
2-0: Foul Ball, location: 2F
2-1: Called Strike
2-2: Foul Ball, location: 2F
2-2: Strikes out swinging
Batting: RHB Santiago Rivera 0-0: Ball
1-0: Ground out 4-3 (Groundball, 34D)
Batting: LHB Rodney Harrison 0-0: Ball
1-0: Called Strike
1-1: Ball
2-1: Ground out 1-3 (Groundball, 13)
Top of the 5th over - 0 run(s), 0 hit(s), 0 error(s), 0 left on base; Balzac 0 - San Diego 5
BOTTOM OF THE 5TH
San Diego Smashers batting - Pitching for Balzac Rams : RHP José Cota
Batting: RHB Gerald Davis 0-0: Foul Ball, location: 2F
0-1: Swinging Strike
0-2: Ball
1-2: Foul Ball, location: 2F
1-2: Ball
2-2: Foul Ball, location: 2F
2-2: Strikes out swinging
Pitching: RHP Reid Mapstone
Batting: RHB Jake Reeves 0-0: Ball
1-0: SINGLE (Groundball, 56D)
Batting: LHB Arthur MacDonald 0-0: Swinging Strike
0-1: Ball
1-1: Fly out, F8 (Flyball, 89D)
Batting: RHB Javier González 0-0: Ball
1-0: Fielders Choice at 2nd, 5-4 (Groundball, 56)
Bottom of the 5th over - 0 run(s), 1 hit(s), 0 error(s), 0 left on base; Balzac 0 - San Diego 5
TOP OF THE 6TH
Balzac Rams batting - Pitching for San Diego Smashers : RHP Guillermo Martínez
Batting: RHB Gerald Arnold 0-0: Ball
1-0: Ground out 4-3 (Groundball, 4)
Batting: RHB Tomás Díaz 0-0: SINGLE (Line Drive, 7S)
Batting: LHB Troy Jackson 0-0: Ball
1-0: Ball
2-0: Fly out, F2 (Popup, 23)
Batting: RHB Tommy Wilson 0-0: Called Strike
0-1: Ball
1-1: SINGLE (Groundball, 4MD)
Tomás Díaz to second
Runner from 2nd tries for 3rd, SAFE, no throw
Batting: LHB Carlos Romero 0-0: Fly out, F1 (Line Drive, 15)
Top of the 6th over - 0 run(s), 2 hit(s), 0 error(s), 2 left on base; Balzac 0 - San Diego 5
BOTTOM OF THE 6TH
San Diego Smashers batting - Pitching for Balzac Rams : RHP Reid Mapstone
Batting: LHB Richard Brooks 0-0: Ball
1-0: Ball
2-0: Ball
3-0: Called Strike
3-1: Base on Balls
Batting: RHB Ray Rogers 0-0: Swinging Strike
0-1: Ball
1-1: Foul Ball, location: 2F
1-2: Strikes out swinging
Batting: RHB Gustavo Torres 0-0: Ball
1-0: Called Strike
1-1: Ball
2-1: Swinging Strike
2-2: Ball
3-2: Foul Ball, location: 2F
3-2: Base on Balls
Richard Brooks to second
Batting: RHB Dave King 0-0: Grounds into double play, 5-4-3 (Groundball, 5)
Bottom of the 6th over - 0 run(s), 0 hit(s), 0 error(s), 1 left on base; Balzac 0 - San Diego 5
TOP OF THE 7TH
Balzac Rams batting - Pitching for San Diego Smashers : RHP Guillermo Martínez
Batting: RHB Lorenzo Silva 0-0: Ball
1-0: Ball
2-0: Ball
3-0: Called Strike
3-1: Base on Balls
Batting: RHB Josh Baker 0-0: Ball
1-0: Fly out, F7 (Line Drive, 78M)
Batting: RHB Santiago Rivera 0-0: Foul Ball, location: 2F
0-1: Ground out U3 (Groundball, 34S)
Lorenzo Silva to second
Batting: LHB Rodney Harrison 0-0: Called Strike
0-1: Reached on error, E3 (Groundball, 34)
Lorenzo Silva to third
Batting: RHB Gerald Arnold 0-0: Foul Ball, location: 2F
0-1: Ball
1-1: Ball
2-1: Swinging Strike
2-2: Strikes out swinging
Top of the 7th over - 0 run(s), 0 hit(s), 1 error(s), 2 left on base; Balzac 0 - San Diego 5
BOTTOM OF THE 7TH
San Diego Smashers batting - Pitching for Balzac Rams : RHP Reid Mapstone
Batting: LHB Michael Myers 0-0: Ball
1-0: Ball
2-0: Called Strike
2-1: Foul Ball, location: 2F
2-2: Foul Ball, location: 2F
2-2: Strikes out swinging
Batting: RHB Gerald Davis 0-0: Fly out, F8 (Line Drive, 78M)
Batting: RHB Jake Reeves 0-0: Ball
1-0: DOUBLE (Flyball, 78XD)
Batting: LHB Arthur MacDonald 0-0: Ball
1-0: Ball
2-0: Ball
3-0: Called Strike
3-1: Foul Ball, location: 2F
3-2: Strikes out swinging
Bottom of the 7th over - 0 run(s), 1 hit(s), 0 error(s), 1 left on base; Balzac 0 - San Diego 5
TOP OF THE 8TH
Balzac Rams batting - Pitching for San Diego Smashers : RHP Guillermo Martínez
Now at 1B: Fred Ameris
Now at SS: Walt Rodgers
Batting: RHB Tomás Díaz 0-0: Called Strike
0-1: Swinging Strike
0-2: Ball
1-2: Ball
2-2: Ball
3-2: Base on Balls
Pitching: RHP Rick Hernández
Batting: LHB Troy Jackson 0-0: Called Strike
0-1: Ball
1-1: Ball
2-1: Foul Ball, location: 2F
2-2: Foul Ball, location: 2F
2-2: SINGLE (Groundball, 56) (infield hit)
Tomás Díaz to second
Batting: RHB Tommy Wilson 0-0: Swinging Strike
0-1: Ball
1-1: Called Strike
1-2: Grounds into double play, 4-6-3 (Groundball, 4M)
Tomás Díaz to third
Batting: LHB Carlos Romero 0-0: Ground out 1-3 (Groundball, 15S)
Top of the 8th over - 0 run(s), 1 hit(s), 0 error(s), 1 left on base; Balzac 0 - San Diego 5
BOTTOM OF THE 8TH
San Diego Smashers batting - Pitching for Balzac Rams : RHP Reid Mapstone
Batting: RHB Javier González 0-0: Called Strike
0-1: Swinging Strike
0-2: Strikes out looking
Pitching: LHP Miguel Muñíz
Batting: LHB Richard Brooks 0-0: Swinging Strike
0-1: Ball
1-1: Ball
2-1: SOLO HOME RUN (Line Drive, 7LS), Distance : 329 ft
Batting: RHB Ray Rogers 0-0: SINGLE (Groundball, 6MD)
Batting: RHB Gustavo Torres 0-0: Grounds into double play, 5-4-3 (Groundball, 5)
Bottom of the 8th over - 1 run(s), 2 hit(s), 0 error(s), 0 left on base; Balzac 0 - San Diego 6
TOP OF THE 9TH
Balzac Rams batting - Pitching for San Diego Smashers : RHP Rick Hernández
Batting: RHB Lorenzo Silva 0-0: Foul Ball, location: 2F
0-1: Ball
1-1: Called Strike
1-2: DOUBLE (Line Drive, 7LM)
Batting: RHB Josh Baker 0-0: Ball
1-0: Ball
2-0: Ground out 1-3 (Groundball, P)
Lorenzo Silva to third
Batting: RHB Santiago Rivera 0-0: Ground out 5-3 (Groundball, 56)
Lorenzo Silva scores
Batting: LHB Rodney Harrison 0-0: Called Strike
0-1: Ball
1-1: Ball
2-1: Foul Ball, location: 2F
2-2: Ball
3-2: Fly out, F9 (Flyball, 9S)
Top of the 9th over - 1 run(s), 1 hit(s), 0 error(s), 0 left on base; Balzac 1 - San Diego 6
Tuesday, August 8th, 2017 - OOTP Baseball 17.12 Build 75